 Dungeon Crawl Stone Soup version 0.30.0-5-g1a98f26d00 (webtiles) character file.

Game seed: 15740885148428574788

17482 LustLizard the Geomancer (level 12, -1/73 HPs)
             Began as a Gargoyle Earth Elementalist on May 8, 2023.
             Was a Priest of Makhleb.
             Slain by an ettin
             ... wielding a +0 dire flail
              (13 damage)
             ... on level 11 of the Dungeon.
             The game lasted 00:22:28 (13078 turns).

LustLizard the Geomancer (GrEE)                    Turns: 13078, Time: 00:22:29

Health: -1/73      AC: 21    Str: 13    XL:     12   Next: 48%
Magic:  11/22      EV: 11    Int: 26    God:    Makhleb [***...]
Gold:   505        SH:  0    Dex:  5    Spells: 15/25 levels left

rFire   + . .        I - staff of earth "Hiess" {rF+ rC+++ Will+ Dex-5}
rCold   + + +        t - orb {*channel}
rNeg    + . .        J - +0 acid dragon scales
rPois   ∞            (no helmet)
rElec   +            q - +0 cloak
rCorr   +            P - +0 pair of gloves
SInv    .            S - +0 pair of boots
Will    +....        F - amulet of regeneration
Stlth   ++           a - +6 ring of intelligence
HPRegen 1.12/turn    s - +4 ring of protection
MPRegen 0.18/turn

%: channel magic (20%)
@: no status effects
A: sickness immunity, AC +8, negative energy resistance 1, electricity
resistance, torment resistance 1, petrification resistance
a: Renounce Religion, Minor Destruction, Lesser Servant of Makhleb


You were on level 11 of the Dungeon.
You worshipped Makhleb.
Makhleb was most pleased with you.
You visited 2 branches of the dungeon, and saw 12 of its levels.

You collected 530 gold pieces.
You spent 25 gold pieces at shops.

Inventory:

Hand Weapons
 h - a +1 short sword of venom
Armour
 q - a +0 cloak (worn)
 t - an orb of energy (worn)
 J - +0 acid dragon scales (worn)
 L - a +0 kite shield
 P - a +0 pair of gloves (worn)
 S - a +0 pair of boots (worn)
Magical Staves
 I - the staff of earth "Hiess" (weapon) {rF+ rC+++ Will+ Dex-5}
   (You found it on level 8 of the Dungeon)

   [staff of earth]

   Base accuracy: +5 Base damage: 5 Base attack delay: 1.2 This weapon's minimum
   attack delay (0.6) is reached at skill level 12.
   Dex:       It affects your dexterity (-5).
   rF:        It protects you from fire.
   rC:        It renders you almost immune to cold.
   Will:      It increases your willpower.
   It falls into the 'Staves' category.
   It is a one-handed weapon.
Jewellery
 a - a +6 ring of intelligence (left hand)
 d - a ring of flight
 o - a ring of see invisible
 s - a +4 ring of protection (right hand)
 y - an amulet of reflection
 F - an amulet of regeneration (around neck)
 R - the ring "Kitzotromn" {*Corrode Drain Fly rPois Str+9}
   (You found it on level 11 of the Dungeon)

   [ring of flight]

   Str:       It affects your strength (+9).
   rPois:     It protects you from poison.
   Fly:       It grants you flight.
   *Corrode:  It may corrode you when you take damage.
   Drain:     It drains your maximum health when unequipped.
Wands
 O - a wand of flame (20)
 Q - a wand of polymorph (4)
Scrolls
 e - 3 scrolls of noise
 f - 4 scrolls of immolation
 j - a scroll of torment {unknown}
 m - 2 scrolls of enchant weapon {unknown}
 n - 2 scrolls of amnesia {unknown}
 r - 3 scrolls of blinking
 u - a scroll of brand weapon {unknown}
 v - 4 scrolls of teleportation
 x - a scroll of fog {unknown}
 B - 2 scrolls of vulnerability {unknown}
 E - a scroll of acquirement {unknown}
 K - a scroll of fear {unknown}
 M - 2 scrolls of magic mapping {unknown}
 N - a scroll of summoning
 T - a scroll of silence {unknown}
Potions
 b - 4 potions of magic
 c - 4 potions of brilliance
 g - 4 potions of flight
 i - a potion of cancellation
 k - 2 potions of berserk rage
 l - 6 potions of curing
 p - a potion of haste
 w - 2 potions of resistance
 z - 6 potions of heal wounds
 A - a potion of ambrosia {unknown}
 C - 2 potions of might
 D - a potion of attraction {unknown}
 G - 2 potions of lignification
 H - 3 potions of mutation {unknown}


   Skills:
 + Level 8.1 Fighting
 - Level 1.5 Dodging
 - Level 5.0 Stealth
 + Level 3.2 Shields
 + Level 7.0 Spellcasting
 * Level 11.2 Conjurations
 - Level 2.5 Hexes
 - Level 0.7 Transmutations
 * Level 3.0 Air Magic
 * Level 13.0 Earth Magic
 * Level 3.7 Poison Magic
 * Level 4.3 Invocations


You had 15 spell levels left.
You knew the following spells:

 Your Spells              Type           Power      Damage    Failure   Level
a - Sandblast             Erth           100%       2d20      1%          1
b - Stone Arrow           Conj/Erth      100%       3d13      2%          3
c - Tukima's Dance        Hex            22%        N/A       24%         3
d - Mephitic Cloud        Conj/Pois/Air  40%        N/A       9%          3

Your spell library contained the following spells:

 Spells                   Type           Power      Damage    Failure   Level
 Magic Dart               Conj           100%       1d8       1%          1
 Kiss of Death            Conj/Necr      100%       2d13      4%          1
 Passwall                 Tmut/Erth      50%        N/A       4%          2
 Petrify                  Tmut/Erth      61%        N/A       16%         4
 Apportation              Tloc           18%        N/A       22%         1
 Necrotise                Necr           36%        1d5       22%         1
 Summon Small Mammal      Summ           36%        N/A       22%         1
 Confusing Touch          Hex            22%        N/A       24%         3
 Call Imp                 Summ           18%        N/A       32%         2
 Olgreb's Toxic Radiance  Pois           28%        N/A       41%         4
 Dispel Undead            Necr           9%         3d8       83%         4
 Passage of Golubria      Tloc           9%         N/A       83%         4
 Alistair's Intoxication  Tmut/Pois      13%        N/A       87%         5
 Yara's Violent Unravell  Hex/Tmut       8%         3d5       90%         5
 Discord                  Hex            11%        N/A       100%        8
 Ignition                 Fire           4%         3d4       100%        8


Dungeon Overview and Level Annotations

Branches:
Dungeon (11/15)            Temple (1/1) D:6            Lair (0/5) D:8
    Orc (0/2) D:10

Altars:
Ashenzari
Cheibriados
Elyvilon
Fedhas
Gozag
Hepliaklqana
Makhleb
Nemelex Xobeh
Okawaru
Qazlal
Ru
Trog
Uskayaw
Vehumet
Yredelemnul
Zin

Shops:
D:7 *   D:8 [   D:9 (

Annotations:
D:4 2 transporters, Grinder; superbruh's ghost, amateur DsCK
D:6 2 runed translucent doors, bungle's ghost, novice MiBe


Innate Abilities, Weirdness & Mutations

You are immune to sickness and miasma.
Your stone body is resilient. (AC +8)
You are immune to poison.
You resist negative energy. (rN+)
You are resistant to electric shocks. (rElec)
You are resistant to unholy torment.
You are immune to petrification.


Message History

The stone arrow hits the centaur warrior!
The centaur warrior is almost dead.
Magical energy flows into your mind! The centaur warrior barely misses you.
The centaur warrior closely misses you. The centaur warrior hits you.
The centaur warrior kicks you but does no damage.
A centaur warrior is nearby!
Casting: Stone Arrow (mildly dangerous; 2% risk of failure)
Confirm with . or Enter, or press ? or * to list all spells.
Aiming: Stone Arrow (mildly dangerous; 2% risk of failure)
Press: ? - help, Shift-Dir - straight line, f/p - centaur warrior
Aim: a centaur warrior (almost dead, 84% to hit)
You feel a surge of power!
The stone arrow hits the centaur warrior!!
You kill the centaur warrior!
Makhleb accepts your kill.
You feel better. Magical energy flows into your mind!
An ettin comes into view. It is wielding two +0 dire flails.
Your Air Magic skill increases to level 3!
Your Earth Magic skill increases to level 13!
An ettin is nearby!
Casting: Stone Arrow (mildly dangerous; 2% risk of failure)
Confirm with . or Enter, or press ? or * to list all spells.
Aiming: Stone Arrow (mildly dangerous; 2% risk of failure)
Press: ? - help, Shift-Dir - straight line, f - ettin
Aim: an ettin, wielding two +0 dire flails (95% to hit)
You feel a surge of power!
The stone arrow hits the ettin!!
The ettin is moderately wounded.
The ettin hits you with a +0 dire flail!! x2
* * * LOW HITPOINT WARNING * * *
Casting: Stone Arrow (mildly dangerous; 2% risk of failure)
Confirm with . or Enter, or press ? or * to list all spells.
Aiming: Stone Arrow (mildly dangerous; 2% risk of failure)
Press: ? - help, Shift-Dir - straight line, f/p - ettin
Aim: an ettin, wielding two +0 dire flails (moderately wounded, 95% to hit)
You feel a surge of power!
The stone arrow hits the ettin!!
The ettin is heavily wounded.
The ettin hits you with a +0 dire flail.
* * * LOW HITPOINT WARNING * * *
The ettin hits you with a +0 dire flail!
You die...

#....#####.....#...#.######......
#..............#####.............
#.....)###....................###
#......# #......^......########.#
.....### #.............#........#
.....#.# #.............#........#
.....#)# ##...##......##.......##
....#.# #...#.###...#........#.
....### #.####@.#...#........#.
......# # #.#..C#####.#######..'.
......# #.# #### #.......####.
........#:# #####)...........
....#############...)............
##### #.#.†...........)......
#.###..[..........#####
#.#.#.............#
###.#.#.###......>....#


You could see an ettin.

Vanquished Creatures
  An ettin (D:11)
  A centaur warrior (D:11)
  A boulder beetle (D:10)
  3 two-headed ogres
  A deep troll earth mage (D:11)
  3 cyclopes
  A gargoyle (D:9)
  Maggie (D:9)
  A komodo dragon (D:8)
  A yaktaur (D:11)
  2 trolls
  A hornet (D:11)
  3 slime creatures (D:5)
  A shadow (D:9)
  19 yaks
  3 basilisks (D:8)
  Eustachio (D:5)
  7 vampire mosquitoes (D:11)
  A steam dragon (D:10)
  5 acid dragons
  Duvessa (D:7)
  4 water moccasins
  2 hornet zombies (D:7)
  3 orc warriors
  An ice beast (D:6)
  3 black bears
  An ogre (D:4)
  5 centaurs
  A phantom (D:6)
  Blork the orc (D:6)
  3 bullfrogs
  2 kobold brigands
  A gnoll sergeant (D:6)
  2 wyvern zombies (D:7)
  4 scorpions
  Dowan (D:7)
  20 wights
  A water moccasin zombie (D:7)
  6 howler monkeys
  A bullfrog zombie (D:7)
  5 orc priests
  2 hounds
  2 gnoll boudas
  3 jellies
  2 iguanas (D:5)
  5 orc wizards
  Terence (D:2)
  4 killer bee zombies (D:7)
  2 howler monkey zombies (D:7)
  Robin (D:2)
  13 gnolls
  10 adders
  A shadow imp (D:6)
  2 white imps (D:5)
  3 worms
  2 dart slugs
  20 orcs
  5 bats
  16 endoplasms
  2 giant cockroaches
  15 goblins
  5 hobgoblins
  4 jackals (D:1)
  6 quokkas
  4 ball pythons
  A frilled lizard (D:1)
  20 kobolds
  2 rats (D:1)
278 creatures vanquished.

Notes
Turn   | Place    | Note
-------+----------+-------------------------------------------
     0 | D:1      | LustLizard the Gargoyle Earth Elementalist began the quest
                  | for the Orb.
     0 | D:1      | Reached XP level 1. HP: 10/10 MP: 3/3
   142 | D:1      | Found a faded altar of an unknown god.
   288 | D:1      | Reached XP level 2. HP: 16/16 MP: 0/5
   355 | D:1      | Reached skill level 4 in Earth Magic
   533 | D:1      | Reached skill level 1 in Fighting
   715 | D:1      | Reached XP level 3. HP: 20/20 MP: 4/6
   951 | D:2      | Learned a level 3 spell: Stone Arrow
  1052 | D:2      | Noticed Terence
  1161 | D:2      | Found a sacrificial altar of Ru.
  1262 | D:2      | Reached XP level 4. HP: 25/25 MP: 4/7
  1362 | D:2      | Noticed Robin
  1371 | D:2      | Killed Robin
  1372 | D:2      | Reached skill level 1 in Conjurations
  1911 | D:3      | Reached XP level 5. HP: 16/30 MP: 1/8
  2149 | D:3      | Reached skill level 5 in Earth Magic
  2495 | D:3      | Reached XP level 6. HP: 23/36 MP: 5/10
  3145 | D:4      | Noticed Grinder
  3212 | D:4      | Found a transporter.
  3370 | D:4      | Found a transporter.
  3394 | D:4      | Noticed superbruh's ghost (amateur DsCK)
  3800 | D:5      | Entered Level 5 of the Dungeon
  3800 | D:5      | Found a stormy altar of Qazlal.
  3801 | D:5      | Noticed a water moccasin
  3823 | D:5      | Killed a water moccasin
  3824 | D:5      | Reached XP level 7. HP: 31/40 MP: 6/11
  3948 | D:5      | Reached skill level 6 in Earth Magic
  4258 | D:5      | Found a sacrificial altar of Ru.
  4406 | D:5      | Reached XP level 8. HP: 40/46 MP: 6/13
  4470 | D:5      | Noticed Eustachio
  4496 | D:5      | Reached skill level 7 in Earth Magic
  4504 | D:5      | Killed Eustachio
  4505 | D:5      | Reached skill level 5 in Stealth
  4505 | D:5      | Reached skill level 5 in Conjurations
  5032 | D:5      | Noticed a slime creature
  5032 | D:5      | Noticed a slime creature
  5032 | D:5      | Noticed a slime creature
  5059 | D:5      | Killed a slime creature
  5107 | D:5      | Found a glowing silver altar of Zin.
  5283 | D:5      | Killed a slime creature
  5284 | D:5      | Reached skill level 8 in Earth Magic
  5327 | D:5      | Killed a slime creature
  5328 | D:5      | Reached XP level 9. HP: 52/52 MP: 8/15
  5571 | D:2      | Killed Terence
  5765 | D:6      | Found a staircase to the Ecumenical Temple.
  5818 | D:6      | Found a large runed translucent door.
  5818 | D:6      | Found a large runed translucent door.
  5834 | Temple   | Entered the Ecumenical Temple
  5898 | Temple   | Became a worshipper of Makhleb the Destroyer
  5926 | D:6      | You fall into a shaft and drop 3 floors!
  6091 | D:9      | Reached skill level 5 in Fighting
  6280 | D:9      | Reached skill level 9 in Earth Magic
  6399 | D:9      | Noticed Maggie
  6588 | D:9      | Found a basalt altar of Yredelemnul.
  6653 | D:9      | Found Orhodghup's Antique Weapon Boutique.
  6669 | D:9      | Reached skill level 5 in Spellcasting
  6730 | D:9      | Noticed a two-headed ogre
  6738 | D:9      | Killed a two-headed ogre
  6739 | D:9      | Reached skill level 10 in Earth Magic
  6739 | D:9      | Reached XP level 10. HP: 60/60 MP: 4/17
  7628 | D:8      | Learned a level 3 spell: Tukima's Dance
  7883 | D:8      | Reached skill level 11 in Earth Magic
  7910 | D:8      | Identified the staff of earth "Hiess" {rF+ rC+++ Will+
                  | Dex-5}
  8021 | D:8      | Reached * piety under Makhleb
  8063 | D:8      | Reached skill level 1 in Hexes
  8218 | D:8      | Found a staircase to the Lair.
  8674 | D:8      | Found Tatwy's Armour Emporium.
  8837 | D:7      | Reached XP level 11. HP: 62/67 MP: 15/20
  8972 | D:6      | Noticed bungle's ghost (novice MiBe)
  9229 | D:6      | Noticed Blork the orc
  9234 | D:6      | Reached skill level 10 in Conjurations
  9238 | D:6      | Killed Blork the orc
  9238 | D:6      | Reached ** piety under Makhleb
  9869 | D:7      | Found Kimicoer's CLEARANCE SALE!.
  9884 | D:7      | Noticed a cyclops
  9892 | D:7      | Killed a cyclops
 10026 | D:7      | Bought a scroll of summoning for 19 gold pieces
 10031 | D:7      | Reached skill level 12 in Earth Magic
 10033 | D:7      | Bought a potion of lignification for 6 gold pieces
 10113 | D:7      | Noticed Duvessa
 10125 | D:7      | Noticed Dowan
 10126 | D:7      | Killed Duvessa
 10127 | D:7      | Reached skill level 1 in Shields
 10128 | D:7      | Killed Dowan
 10239 | D:7      | Found an opulent altar of Gozag.
 10286 | D:7      | Found a snail-covered altar of Cheibriados.
 10427 | D:7      | Reached skill level 1 in Invocations
 10503 | D:7      | Learned a level 3 spell: Mephitic Cloud
 10505 | D:7      | Found a white marble altar of Elyvilon.
 10670 | D:7      | Found a hazy altar of Hepliaklqana.
 11122 | D:9      | Killed Maggie
 11206 | D:10     | Entered Level 10 of the Dungeon
 11268 | D:10     | Reached skill level 1 in Poison Magic
 11315 | D:10     | Reached skill level 1 in Air Magic
 11622 | D:10     | Noticed a cyclops
 11625 | D:10     | Killed a cyclops
 11625 | D:10     | Reached *** piety under Makhleb
 11789 | D:10     | Noticed a boulder beetle
 11794 | D:10     | Killed a boulder beetle
 11877 | D:10     | Found a staircase to the Orcish Mines.
 12252 | D:11     | Noticed a two-headed ogre
 12433 | D:11     | Noticed a two-headed ogre
 12438 | D:11     | Killed a two-headed ogre
 12439 | D:11     | Reached XP level 12. HP: 58/73 MP: 6/22
 12476 | D:11     | Noticed an ettin
 12481 | D:11     | Killed an ettin
 12698 | D:11     | Identified the ring "Kitzotromn" {*Corrode Drain Fly rPois
                  | Str+9}
 12765 | D:11     | Killed a two-headed ogre
 12823 | D:11     | Noticed a deep troll earth mage
 12827 | D:11     | Killed a deep troll earth mage
 13072 | D:11     | Noticed a centaur warrior
 13076 | D:11     | Killed a centaur warrior
 13076 | D:11     | Noticed an ettin
 13077 | D:11     | Reached skill level 13 in Earth Magic
 13078 | D:11     | Slain by an ettin

Illustrated notes

Levels and vault maps discovered:
D:1:      sevenhm_arrival_forest_fort_small_1, layout_basic,
          nicolae_ecumenical_lake_church, minmay_tetromino_o4
D:2:      layout_basic, basic_altar, uniq_terence, uniq_robin
D:3:      layout_basic
D:4:      layout_rooms, gammafunk_ghost_gnarly_gnolls, uniq_grinder
D:5:      cheibrodos_fertilizer, layout_cave_pools,
          lemuel_coloured_pillars_altar, nicolae_ru_sacrificial_ziggurat,
          lemuel_crystal_altar, serial_bayou, serial_bayou_shore_a,
          serial_bayou_ford_a, serial_bayou_pond_a, serial_bayou_lake_a,
          serial_bayou_pond_a, serial_bayou_pond_e, kennysheep_generic_room_10,
          uniq_eustachio
D:6:      layout_basic, minmay_temple_entry_junction_2,
          ebering_ghost_disaster_area, sword_in_stone, uniq_blork_the_orc
D:7:      layout_rooms, mainiacjoe_overflow_tiny_flanked, cheibriados_altar_1,
          nicolae_overflow_crystal_walls, worldfamousw_hep_ancestral_shrine,
          serial_undead, serial_undead_e, serial_undead_c, serial_undead_d,
          serial_undead_a, serial_undead_b, serial_undead_d,
          nicolae_shop_clearance, uniq_duvessa
D:8:      layout_loops_ring, erik_lair_dragon, serial_shops, kennysheep_mini
D:9:      layout_irregular_city, mainiacjoe_overflow_cross_hatched,
          serial_shops, nicolae_shop_rolling_square, uniq_maggie
D:10:     layout_irregular_city, orc_0_dummy, kennysheep_minor_cross
D:11:     minmay_chopped_fan, layout_irregular_city
Temple:   eino_temple_water

Skill      XL: |  1  2  3  4  5  6  7  8  9 10 11 12 |
---------------+-------------------------------------+-----
Earth Magic    | 4 5 6 8 10 11 12 13 | 13.0
Fighting       | 1 2 3 4 5 7 8 |  8.1
Conjurations   | 1 2 3 4 6 8 9 10 11 | 11.2
Stealth        | 3 4 5 |  5.0
Spellcasting   | 3 4 5 6 7 |  7.0
Hexes          | 1 2 |  2.5
Shields        | 2 3 |  3.2
Invocations    | 3 4 |  4.3
Poison Magic   | 2 3 |  3.7
Air Magic      | 2 3 |  3.0
Dodging        | |  1.5
Transmutations | |  0.7

Action                     |  1- 3 |  4- 6 |  7- 9 | 10-12 || total
---------------------------+-------+-------+-------+-------++-------
  Melee: Dagger            |     3 |       |       |       ||     3
         Short sword       |     2 |    10 |     6 |       ||    18
         Staff             |       |       |       |    51 ||    51
   Cast: Sandblast         |    49 |   103 |   114 |   158 ||   424
         Stone Arrow       |       |       |    24 |   147 ||   171
         Mephitic Cloud    |       |       |       |     1 ||     1
    Use: Scroll            |     3 |     1 |     2 |     7 ||    13
 Armour: Robe              |     8 |     9 |       |       ||    17
         Leather armour    |       |    14 |    64 |    16 ||    94
         Acid dragon scale |       |       |       |   116 ||   116
  Dodge: Dodged            |    17 |    32 |    73 |   128 ||   250
  Block: Orb               |       |     1 |    31 |       ||    32
         Reflection        |       |       |     3 |       ||     3
